 Dungeon Crawl Stone Soup version 0.21-a0-351-g38363bb (webtiles) character file.

329 nikopol the Covered (level 6, -4/38 HPs)
             Began as a Gargoyle Fighter on Oct 9, 2017.
             Killed by divine providence
             ... invoked by an orc priest
              (14 damage)
             ... on level 4 of the Dungeon.
             The game lasted 00:05:14 (3226 turns).

nikopol the Covered (Gargoyle Fighter)              Turns: 3226, Time: 00:05:16

Health: -4/38      AC: 11    Str: 22    XL:     6   Next: 51%
Magic:  6/6        EV:  8    Int:  8    God:
Gold:   153        SH:  9    Dex:  9    Spells: 5/5 levels left

rFire    . . .     SeeInvis .   a - +0 trident
rCold    . . .     Gourm    .   c - +0 shield
rNeg     + . .     Faith    .   b - +0 scale mail
rPois    ∞         Spirit   .   (no helmet)
rElec    +         Reflect  .   g - scarf {cloud immunity}
rCorr    .         Harm     .   (no gloves)
MR       .....                  (no boots)
Stlth    ..........             (no amulet)
HPRegen  0.12/turn              (no ring)
MPRegen  0.10/turn              (no ring)

@: no status effects
A: negative energy resistance 1, electricity resistance, unbreathing,
petrification resistance, rot immunity, AC +4
a: no special abilities


You were on level 4 of the Dungeon.
You were not hungry.

You visited 1 branch of the dungeon, and saw 4 of its levels.

You collected 153 gold pieces.

Inventory:

Hand Weapons
 a - a +0 trident (weapon)
Armour
 b - a +0 scale mail (worn)
 c - a +0 shield (worn)
 g - a scarf of cloud immunity (worn)
Jewellery
 j - an uncursed ring of protection from cold {unknown}
 v - a cursed ring of teleportation {unknown}
Wands
 r - a wand of confusion (30/48)
Scrolls
 h - a scroll of amnesia {unknown}
 i - 7 scrolls of identify {unknown}
 k - 2 scrolls of enchant weapon {unknown}
 l - a scroll of random uselessness {unknown}
 m - 2 scrolls of enchant armour {unknown}
 n - a scroll of teleportation {unknown}
 s - a scroll of recharging {unknown}
 u - a scroll of magic mapping {unknown}
Potions
 d - a potion of brilliance {unknown}
 e - a potion of heal wounds {unknown}
 q - 2 potions of curing {unknown}
 t - a potion of berserk rage {unknown}
Comestibles
 f - 3 bread rations
 o - 5 fruits
 p - 2 meat rations
 w - a chunk of flesh


   Skills:
 + Level 4.3 Fighting
 + Level 4.1 Polearms
 + Level 4.4 Armour
 + Level 0.8 Dodging
 + Level 0.1 Stealth
 + Level 4.4 Shields


You had 5 spell levels left.
You didn't know any spells.

Dungeon Overview and Level Annotations

Branches:
Dungeon (4/15)
 Temple: D:4-7

Altars:
Kikubaaqudgha
Sif Muna
Trog

Annotations:
D:4 xomor's ghost, amateur OgCK


Innate Abilities, Weirdness & Mutations

You are resistant to torment.
Your stone body is resilient. (AC +4)
You are immune to poison.
You resist negative energy. (rN+)
You are resistant to electric shocks. (rElec)
You can survive without breathing.
You are immune to petrification.
You are immune to rotting.


Message History

You barely miss the orc priest.
The orc priest is severely wounded.
The orc priest hits you but does no damage.
You barely miss the orc priest.
The orc priest is severely wounded.
You block the orc priest's attack.
You hit the orc priest.
The orc priest is almost dead.
The orc priest calls down the wrath of Beogh upon you.
Beogh smites you!
* * * LOW HITPOINT WARNING * * *
Your shield and scale mail prevent you from hitting the orc priest.
The orc priest is almost dead.
The orc priest hits you with a whip.
* * * LOW HITPOINT WARNING * * *
You hit the orc priest but do no damage.
The orc priest is almost dead.
The orc priest calls down the wrath of Beogh upon you.
Beogh smites you!
You die...

##### ###.P.### ##PP..PP.## .
#.......P.# .#
#P...#..PP########## .#
##...###.PP..@os....#######.#
##P..........######..........#
#..P.........# #..........#
#..##.._..##÷## #.#####..#.#
#.P#.......#..# #.# #..#.#
#..#########..#####.# #.)#.##
#................##.# #..s..#
###....##..#######.##.#
#...... #..........#
#.##.######....#


You could see a scorpion and an orc priest.

Vanquished Creatures
  Sigmund (D:2)
  5 adders
  A gnoll (D:1)
  2 oozes (D:2)
  2 worms
  2 dart slugs
  2 leopard geckos (D:1)
  3 orcs
  8 giant cockroaches
  10 goblins
  11 hobgoblins
  7 jackals (D:1)
  8 kobolds
  4 ball pythons
  7 bats
  6 frilled lizards
  9 rats
88 creatures vanquished.

Notes
Turn   | Place    | Note
-------+----------+-------------------------------------------
     0 | D:1      | nikopol the Gargoyle Fighter began the quest for the Orb.
     0 | D:1      | Reached XP level 1. HP: 14/14 MP: 1/1
   146 | D:1      | Reached XP level 2. HP: 19/19 MP: 2/2
   359 | D:1      | Reached XP level 3. HP: 24/24 MP: 3/3
   965 | D:2      | Found a faded altar of an unknown god.
   965 | D:2      | Noticed Sigmund
  1058 | D:2      | Found a deep blue altar of Sif Muna.
  1084 | D:2      | Reached XP level 4. HP: 29/29 MP: 4/4
  1572 | D:2      | Killed Sigmund
  1572 | D:2      | Reached XP level 5. HP: 25/33 MP: 5/5
  1572 | D:2      | Reached XP level 6. HP: 29/38 MP: 6/6
  1978 | D:3      | Found a bloodstained altar of Trog.
  2782 | D:4      | Noticed xomor's ghost (amateur OgCK)
  3105 | D:4      | Found an ancient bone altar of Kikubaaqudgha.
  3226 | D:4      | Killed from afar by an orc priest

Vault maps used:
D:1:      lemuel_arrival_river_ford
D:2:      old_standard_altar, first_bread, chequers_ecumenical_altar_simple,
          uniq_sigmund
D:3:      corexii_shack_village, nicolae_overflow_crystal_walls,
          serial_co_window_serial, co_window_of_opportunity_a,
          co_window_paths_b, co_window_paths_a, co_window_paths_a,
          co_window_paths_b, co_window_2corner, co_window_of_opportunity_b,
          co_window_of_opportunity_c, co_window_paths_e, glass_columns_b,
          glass_columns_c, glass_columns_a, glass_columns_b, glass_columns_c,
          minmay_fountain_box
D:4:      lemuel_crystal_altar, kiku_gazebo_garden_becter, serial_shops, shop

Skill      XL: |  1  2  3  4  5  6 |
---------------+-------------------+-----
Polearms       | 2 3 4 |  4.1
Fighting       | 4 |  4.3
Armour         | 4 |  4.4
Shields        | 4 |  4.4
Dodging        | |  0.8
Stealth        | |  0.1

Action                   |  1- 3 |  4- 6 || total
-------------------------+-------+-------++-------
Melee: Trident           |   148 |   193 ||   341
  Use: Potion            |       |     1 ||     1
  Eat: Chunk             |       |     8 ||     8
Armor: Scale mail        |    82 |    82 ||   164
Dodge: Dodged            |    35 |    57 ||    92
Block: Shield            |    78 |    78 ||   156

Table legend:
 A = Spawn XP
 B = Non-spawn XP
 C = Spawn XP percentage of total XP
 D = Spawn monster count
 E = Non-spawn monster count
 F = Spawn count percentage of total count
 G = Total turns spent on level
                    A         B        C        D         E        F      G
               +---------+---------+-------+---------+---------+-------+---------
         Total |       0 |     471 |   0.0 |       0 |      88 |   0.0 |  3226
               +---------+---------+-------+---------+---------+-------+---------
           D:1 |       0 |      75 |   0.0 |       0 |      37 |   0.0 |  1345
           D:2 |       0 |     320 |   0.0 |       0 |      24 |   0.0 |   539
           D:3 |       0 |      50 |   0.0 |       0 |      22 |   0.0 |  1082
           D:4 |       0 |      26 |   0.0 |       0 |       5 |   0.0 |   260
               +---------+---------+-------+---------+---------+-------+---------
